[Event "Mitropa Cup Women 2019"]
[Site "Radenci"]
[Date "2019.06.02"]
[Round "7.12"]
[White "Gaal, Zsoka"]
[Black "Froewis, Annika"]
[Result "1-0"]
[ECO "A07"]
[WhiteElo "2044"]
[BlackElo "2089"]
[Annotator "NA RC"]
[PlyCount "131"]
[EventDate "2019.05.27"]
[EventType "team-tourn"]
[EventCountry "SLO"]
[SourceTitle "playchess.com"]
[Source "ChessBase"]
[SourceQuality "1"]
[WhiteTeam "Hungary"]
[BlackTeam "Austria"]
[WhiteTeamCountry "HUN"]
[BlackTeamCountry "AUT"]
[TimeControl "40/5400+30:1800+30"]

1. Nf3 d5 2. g3 e6 3. Bg2 Nf6 4. O-O b5 (4... Be7 5. c4 O-O 6. d4 dxc4 7. Qc2 a6 8. a4 Bd7 9. Rd1 Bc6 10. Bg5 b5 11. Bxf6 Bxf6 12. Nc3 Qe8 13. d5 exd5 14. Nd4 Qe5 15. e4 dxe4 16. axb5 axb5 17. Nxc6 Nxc6 18. Rxa8 Rxa8 19. Qxe4 Qxe4 20. Bxe4 {½-½ (32) Rapport,R (2726)-Giri,A (2797) Shenzhen 2019}) 5. b3 Bb7 6. Bb2 {[%emt 0:01:56] A07: Réti Opening: New York and Capablanca Systems} Nbd7 7. d3 Be7 8. Nbd2 c5 9. c4 bxc4 10. bxc4 d4 $146 ({Predecessor:} 10... O-O 11. Qc2 d4 12. e3 dxe3 13. fxe3 Qc7 14. d4 {0-1 (25) Bitman,M (2051)-Gumula,D (2309) Poland 2008}) 11. Rb1 Bc6 12. Ba3 O-O 13. Nb3 e5 14. Qd2 a5 15. Qc2 Ra6 16. Nbd2 Nh5 17. e3 dxe3 18. fxe3 f5 19. Rbe1 g6 20. Bb2 Bd6 21. Re2 Rb6 22. Bc3 Rb8 23. Nb3 Bc7 24. d4 Be4 25. Qd2 exd4 26. exd4 a4 27. Nxc5 Nxc5 28. dxc5 Bxg3 29. hxg3 Nxg3 30. Ref2 Nxf1 31. Rxf1 Qxd2 32. Nxd2 Bxg2 33. Kxg2 Rfe8 34. Kf2 g5 35. Nf3 g4 36. Ne5 Rbc8 37. c6 Rxe5 38. Bxe5 Rxc6 39. Rc1 Kf7 40. c5 Kg6 41. Bd6 h5 42. Kg3 Kg5 43. Be7+ Kg6 44. Rd1 Kf7 45. Bd6 Rc8 46. Re1 Kf6 47. Rc1 (47. Kf4 $142) 47... Ke6 48. Rh1 Rh8 49. Kh4 Kd7 50. Re1 Rg8 51. Kxh5 g3 52. Rg1 g2 (52... Kc6 $142 53. Bxg3 (53. Rxg3 Rxg3 54. Bxg3 Kxc5 $11) 53... Rh8+ 54. Kg5 Re8 55. Kxf5 Re2) 53. Kh4 Kc6 54. Kh3 Rg4 55. Rxg2 Rb4 56. a3 (56. Rf2 $142) 56... Rc4 $2 (56... Rb3+ {was called for.} 57. Kh4 (57. Rg3 f4 $11) 57... Rxa3) 57. Rg3 f4 58. Rf3 Re4 59. Kg4 Kb5 60. Rxf4 Re3 61. Rb4+ Ka5 62. c6 Rc3 63. c7 Rc6 64. Rb8 Rxd6 65. Ra8+ Kb5 66. c8=Q {[%emt 0:00:18] Kc6 Kh3+} 1-0

[Event "Mitropa Cup Women 2019"]
[Site "Radenci"]
[Date "2019.06.02"]
[Round "7.13"]
[White "Georgescu, Lena"]
[Black "Gueci, Tea"]
[Result "1-0"]
[ECO "B23"]
[WhiteElo "2191"]
[BlackElo "2251"]
[Annotator "ChessBase"]
[PlyCount "99"]
[EventDate "2019.05.27"]
[EventType "team-tourn"]
[EventCountry "SLO"]
[SourceTitle "playchess.com"]
[Source "ChessBase"]
[SourceQuality "1"]
[WhiteTeam "Switzerland"]
[BlackTeam "Italy"]
[WhiteTeamCountry "SUI"]
[BlackTeamCountry "ITA"]
[TimeControl "40/5400+30:1800+30"]

1. e4 c5 2. Nc3 Nc6 3. Bb5 Nd4 4. Bc4 e6 5. Nge2 Nf6 6. O-O a6 7. d3 d5 8. exd5 exd5 9. Nxd5 Nxd5 10. Nxd4 cxd4 11. Qh5 Be6 12. Re1 Be7 13. Rxe6 O-O 14. Bxd5 fxe6 15. Bxe6+ Kh8 16. Bf5 h6 17. Qg6 Rxf5 18. Qxf5 Qc7 19. Qe4 Bf6 20. Bf4 Qxc2 21. Qxb7 Re8 22. Qxa6 Qxb2 23. Rf1 Re2 24. Bxh6 Be7 25. Bf4 Bb4 26. Qc8+ Kh7 27. Qf5+ Kg8 28. a4 Qa2 29. Qc8+ Kh7 30. Qf5+ Kg8 31. Qb5 Bc3 32. h4 Rb2 33. Qe8+ Kh7 34. Qh5+ Kg8 35. Qe8+ Kh7 36. h5 Rb6 37. Qe4+ Kg8 38. Qe8+ Kh7 39. Be5 Qe6 40. Qxe6 Rxe6 41. f4 Ra6 42. Rb1 g6 43. Rb7+ Kh6 44. hxg6 Kxg6 45. g4 Rxa4 46. Kg2 Ra1 47. f5+ Kg5 48. Rg7+ Kh6 49. Rg6+ Kh7 50. g5 1-0

[Event "Mitropa Cup Women 2019"]
[Site "Radenci"]
[Date "2019.06.02"]
[Round "7.16"]
[White "Raccanello, Marianna"]
[Black "Hund, Sarah"]
[Result "1-0"]
[ECO "C54"]
[WhiteElo "2019"]
[BlackElo "2016"]
[Annotator "NA"]
[PlyCount "65"]
[EventDate "2019.05.27"]
[EventType "team-tourn"]
[EventCountry "SLO"]
[SourceTitle "playchess.com"]
[Source "ChessBase"]
[SourceQuality "1"]
[WhiteTeam "Italy"]
[BlackTeam "Switzerland"]
[WhiteTeamCountry "ITA"]
[BlackTeamCountry "SUI"]
[TimeControl "40/5400+30:1800+30"]

1. e4 e5 2. Nf3 Nc6 3. Bc4 Bc5 4. c3 Nf6 5. d3 d6 6. Bb3 a5 7. Nbd2 h6 8. Nf1 Ng4 9. d4 exd4 10. cxd4 Bb4+ 11. Bd2 Qe7 12. Ng3 O-O 13. O-O Nf6 14. Re1 Bxd2 15. Qxd2 Bg4 16. Nh4 Rfe8 17. f3 Bd7 18. Nhf5 Qf8 19. Rac1 Rec8 20. e5 dxe5 21. dxe5 Bxf5 22. Nxf5 Rd8 23. Qf2 Nd5 24. Qg3 g6 25. e6 Kh7 26. Nh4 Nce7 27. exf7 Qxf7 28. Rxc7 g5 29. Bxd5 Qxd5 30. Rexe7+ Kg8 31. Rg7+ Kf8 32. Ng6+ Ke8 33. Rce7# 1-0

[Event "Mitropa Cup Women 2019"]
[Site "Radenci"]
[Date "2019.06.03"]
[Round "8.1"]
[White "Havanecz, Bianka"]
[Black "Georgescu, Lena"]
[Result "1/2-1/2"]
[ECO "A11"]
[WhiteElo "2279"]
[BlackElo "2191"]
[Annotator "ChessBase"]
[PlyCount "61"]
[EventDate "2019.05.27"]
[EventType "team-tourn"]
[EventCountry "SLO"]
[SourceTitle "playchess.com"]
[Source "ChessBase"]
[SourceQuality "1"]
[WhiteTeam "Hungary"]
[BlackTeam "Switzerland"]
[WhiteTeamCountry "HUN"]
[BlackTeamCountry "SUI"]
[TimeControl "40/5400+30:1800+30"]

1. Nf3 Nf6 2. g3 d5 3. Bg2 c6 4. O-O Bg4 5. c4 e6 6. cxd5 exd5 7. d3 Nbd7 8. Qb3 Nc5 9. Qc2 Be7 10. Nc3 Bxf3 11. Bxf3 d4 12. Nb1 O-O 13. b4 Ne6 14. Bd2 Qd7 15. a4 Rfe8 16. Na3 Nd5 17. Qb3 Bg5 18. Ra2 Bxd2 19. Rxd2 Ng5 20. Bxd5 cxd5 21. Nb5 Rxe2 22. Rxe2 Nf3+ 23. Kg2 Nh4+ 24. Kg1 Nf3+ 25. Kg2 Nh4+ 26. gxh4 Qg4+ 27. Kh1 Qf3+ 28. Kg1 Qg4+ 29. Kh1 Qf3+ 30. Kg1 Qg4+ 31. Kh1 1/2-1/2

[Event "Mitropa Cup Women 2019"]
[Site "Radenci"]
[Date "2019.06.03"]
[Round "8.2"]
[White "De Seroux, Camille"]
[Black "Juhasz, Barbara"]
[Result "1/2-1/2"]
[ECO "B75"]
[WhiteElo "2143"]
[BlackElo "2207"]
[Annotator "RC"]
[PlyCount "117"]
[EventDate "2019.05.27"]
[EventType "team-tourn"]
[EventCountry "SLO"]
[SourceTitle "playchess.com"]
[Source "ChessBase"]
[SourceQuality "1"]
[WhiteTeam "Switzerland"]
[BlackTeam "Hungary"]
[WhiteTeamCountry "SUI"]
[BlackTeamCountry "HUN"]
[TimeControl "40/5400+30:1800+30"]

1. e4 c5 2. Nf3 Nc6 3. Nc3 g6 4. d4 cxd4 5. Nxd4 Bg7 6. Be3 Nf6 7. Bc4 d6 8. f3 Qb6 9. O-O O-O 10. Bb3 Ng4 11. fxg4 Bxd4 12. Bxd4 Qxd4+ 13. Qxd4 Nxd4 14. h3 Be6 15. Nd5 Bxd5 16. exd5 Rfc8 17. c3 Nxb3 18. axb3 Rc5 19. Rfd1 Rb5 20. b4 a6 21. Rd4 Rc8 22. Kf2 Rd8 23. Ke3 e5 24. dxe6 fxe6 25. Rad1 Re5+ 26. Re4 Rxe4+ 27. Kxe4 Kf7 28. Ra1 Ke7 29. Ra5 Kd7 30. h4 Rf8 31. h5 e5 32. hxg6 hxg6 33. g3 Rf2 34. b5 Rxb2 35. bxa6 bxa6 36. Rxa6 Re2+ 37. Kd5 Rd2+ 38. Ke4 Ke6 39. Rc6 Rc2 40. Rc8 Rc1 41. Rg8 d5+ 42. Kd3 e4+ 43. Kd2 Rg1 44. Rxg6+ Ke5 45. Rg5+ Kd6 46. Rg8 Rg2+ 47. Ke3 Rxg3+ 48. Kd2 Ke5 49. Re8+ Kf4 50. Rf8+ Ke5 51. Re8+ Kf6 52. c4 Rg2+ 53. Ke3 dxc4 54. Rxe4 Rc2 55. Kd4 Rc1 56. Re3 Kg5 57. Rc3 Rxc3 58. Kxc3 Kxg4 59. Kxc4 1/2-1/2

[Event "Mitropa Cup Women 2019"]
[Site "Radenci"]
[Date "2019.06.03"]
[Round "8.3"]
[White "Varga, Klara"]
[Black "Hund, Barbara"]
[Result "1/2-1/2"]
[ECO "A29"]
[WhiteElo "2146"]
[BlackElo "2127"]
[Annotator "RC"]
[PlyCount "129"]
[EventDate "2019.05.27"]
[EventType "team-tourn"]
[EventCountry "SLO"]
[SourceTitle "playchess.com"]
[Source "ChessBase"]
[SourceQuality "1"]
[WhiteTeam "Hungary"]
[BlackTeam "Switzerland"]
[WhiteTeamCountry "HUN"]
[BlackTeamCountry "SUI"]
[TimeControl "40/5400+30:1800+30"]

1. c4 Nf6 2. Nc3 d5 3. cxd5 Nxd5 4. Nf3 Nc6 5. g3 e5 6. Bg2 Nxc3 7. bxc3 Bc5 8. Qc2 O-O 9. O-O Qf6 10. d3 Bf5 11. h3 Rfe8 12. Nh4 Be6 13. Kh2 Qe7 14. Bb2 Rad8 15. e4 Ba3 16. Rad1 Qc5 17. Bxa3 Qxa3 18. Rd2 Rd7 19. Rfd1 Red8 20. Nf3 f6 21. d4 exd4 22. cxd4 Bf7 23. Rb1 Nb4 24. Qb2 Qxb2 25. Rbxb2 c5 26. a3 Na6 27. d5 c4 28. Rdc2 Rc7 29. Bf1 f5 30. Rxc4 fxe4 31. Rxc7 Nxc7 32. Rxb7 exf3 33. Rxc7 Bxd5 34. Rxa7 g6 35. g4 Rc8 36. Rd7 Be6 37. Rd6 Kf7 38. Kg3 Rc1 39. Bb5 Rg1+ 40. Kxf3 h5 41. Rd4 hxg4+ 42. hxg4 Kf6 43. Be2 Ra1 44. a4 g5 45. Ke3 Ke5 46. Re4+ Kd6 47. Rb4 Bd7 48. Rb6+ Ke7 49. Rb7 Kd6 50. f3 Ra3+ 51. Kf2 Ra2 52. Rb6+ Ke5 53. Rg6 Kf4 54. Rf6+ Ke5 55. Rg6 Kf4 56. Rf6+ Ke5 57. Rf7 Be6 58. Rc7 Rxa4 59. Ke3 Ra3+ 60. Bd3 Kd6 61. Rc1 Bd5 62. Rd1 Ke5 63. Re1 Kd6 64. Rd1 Ke5 65. Re1 1/2-1/2

[Event "Mitropa Cup Women 2019"]
[Site "Radenci"]
[Date "2019.06.03"]
[Round "8.4"]
[White "Pellicoro, Nathalie"]
[Black "Gaal, Zsoka"]
[Result "0-1"]
[ECO "B26"]
[WhiteElo "1893"]
[BlackElo "2044"]
[Annotator "NA RC"]
[PlyCount "120"]
[EventDate "2019.05.27"]
[EventType "team-tourn"]
[EventCountry "SLO"]
[SourceTitle "playchess.com"]
[Source "ChessBase"]
[SourceQuality "1"]
[WhiteTeam "Switzerland"]
[BlackTeam "Hungary"]
[WhiteTeamCountry "SUI"]
[BlackTeamCountry "HUN"]
[TimeControl "40/5400+30:1800+30"]

1. e4 c5 2. Nc3 g6 3. g3 Nc6 4. Bg2 Bg7 5. d3 d6 6. Be3 Rb8 7. Qd2 b5 8. Nge2 b4 9. Nd1 Nd4 10. c3 {[%emt 0:01:46] B26: Closed Sicilian: 3 g3, lines with early Be3} (10. O-O Nxe2+ 11. Qxe2 Nf6 12. a3 b3 13. c4 O-O 14. Bd2 e6 15. Bc3 Bb7 16. Ne3 Re8 17. Qd2 d5 18. e5 Nd7 19. Ba5 {0-1 (45) Li,R (2565)-Belous,V (2581) Philadelphia 2017}) 10... Nxe2 11. Qxe2 bxc3 12. bxc3 e6 13. O-O Ne7 14. f4 O-O 15. d4 cxd4 16. cxd4 Nc6 17. e5 dxe5 $146 ({Predecessor:} 17... Nb4 18. Qd2 Bb7 19. Nc3 Bxg2 20. Kxg2 Qa5 21. Kg1 dxe5 22. dxe5 {0-1 (35) Demeterco,R-Krakops,M (2385) Szeged 1994}) 18. dxe5 Bb7 19. Qf2 Nb4 20. Bxa7 Bxg2 21. Qxg2 Rc8 22. Ne3 Qd7 23. Bb6 Qb5 24. Bd4 Rfd8 25. Qb2 Qa4 26. Rfd1 Nc2 27. Bb6 Rxd1+ 28. Nxd1 Nxa1 29. Qxa1 Rb8 30. Bc5 Qc2 31. Qd4 h5 32. Nf2 Rb1+ 33. Kg2 Qxa2 34. Qd8+ Kh7 35. Qd4 Qe2 36. Kh3 Qf1+ 37. Kh4 Qg2 38. h3 Re1 39. Qd7 Rc1 40. Qd4 {[%emt 0:00:00] [#]} Re1 $2 (40... f6 $1 $19 41. Qe4 {[#]} (41. exf6 Rg1) 41... fxe5 $1 ) 41. Qd7 $1 Qf3 42. Qxf7 {[%emt 0:12:55] [#]} g5+ (42... Rxe5 $142 $1 43. Qxg7+ (43. fxe5 g5+) 43... Kxg7 44. fxe5 {[#]} g5+ $1 {[%mdl 576] Deflection, Decoy} 45. Kxg5 Qxg3+ 46. Kxh5 Qxe5+ {[%mdl 64] Double Attack} 47. Kg4 Qxc5 48. Kf3 Qd4 49. Ke2 e5 50. Nd3 Qe4+ 51. Kd2 Qg2+ 52. Kc3 Qxh3 53. Kd2 e4 54. Nb4 Qb3 55. Nc2 Qb2 $1 56. Kd1 Qc3 57. Ne1 e3 58. Ke2 Qd2+ 59. Kf3 Qxe1 60. Ke4 e2 61. Kd3 Qd1+ 62. Kc3 e1=Q+ 63. Kc4 Qa4+ 64. Kc5 Qe7+ 65. Kd5 Qae4#) 43. Kxg5 {[%emt 0:00:09] [#]} Rxe5+ $1 {[%emt 0:00:19] Double Attack, Pin} 44. Kh4 Rxc5 45. Qxe6 Qd5 46. Qe7 Rc4 47. Qg5 Qxg5+ 48. Kxg5 Rc5+ 49. f5 Bh6+ 50. Kf6 Rc6+ 51. Ke5 Kg7 $19 52. Ne4 Kf8 53. g4 hxg4 54. hxg4 Bc1 55. f6 Kf7 56. Nd6+ Kg6 57. Kd5 Ra6 58. f7 Kg7 59. Ke5 Bf4+ 60. Kxf4 Rxd6 0-1

[Event "Mitropa Cup Women 2019"]
[Site "Radenci"]
[Date "2019.06.03"]
[Round "8.5"]
[White "Motycakova, Monika"]
[Black "Ragger, Anna-Christina"]
[Result "1-0"]
[ECO "C60"]
[WhiteElo "2150"]
[BlackElo "2272"]
[Annotator "ChessBase"]
[PlyCount "79"]
[EventDate "2019.05.27"]
[EventType "team-tourn"]
[EventCountry "SLO"]
[SourceTitle "playchess.com"]
[Source "ChessBase"]
[SourceQuality "1"]
[WhiteTeam "Slovakia"]
[BlackTeam "Austria"]
[WhiteTeamCountry "SVK"]
[BlackTeamCountry "AUT"]
[TimeControl "40/5400+30:1800+30"]

1. e4 e5 2. Nf3 Nc6 3. Bb5 g6 4. O-O Bg7 5. c3 a6 6. Ba4 b5 7. Bb3 Na5 8. Bc2 c5 9. d4 cxd4 10. cxd4 exd4 11. Nxd4 Ne7 12. Nc3 O-O 13. a4 b4 14. Nce2 d5 15. Bg5 Ra7 16. exd5 Qxd5 17. Bxe7 Rxe7 18. Nf5 Qb7 19. Nxe7+ Qxe7 20. Re1 Bxb2 21. Rb1 Qf6 22. Qd5 Nc6 23. Rxb2 Qxb2 24. Qxc6 Be6 25. Rb1 Qe5 26. Qxa6 b3 27. Bd3 Rb8 28. Qa7 b2 29. f4 Qd6 30. Bb5 Rb6 31. Rxb2 Qc5+ 32. Kf1 Kg7 33. Qa5 f6 34. Qc3 Qd6 35. Rd2 Qe7 36. Qd4 Rb7 37. Qd6 Qf7 38. Qd8 Bg4 39. h3 Bxe2+ 40. Rxe2 1-0

[Event "Mitropa Cup Women 2019"]
[Site "Radenci"]
[Date "2019.06.03"]
[Round "8.6"]
[White "Hapala, Elisabeth"]
[Black "Ferkova, Dominika"]
[Result "1-0"]
[ECO "B19"]
[WhiteElo "2122"]
[BlackElo "2037"]
[Annotator "ChessBase"]
[PlyCount "65"]
[EventDate "2019.05.27"]
[EventType "team-tourn"]
[EventCountry "SLO"]
[SourceTitle "playchess.com"]
[Source "ChessBase"]
[SourceQuality "1"]
[WhiteTeam "Austria"]
[BlackTeam "Slovakia"]
[WhiteTeamCountry "AUT"]
[BlackTeamCountry "SVK"]
[TimeControl "40/5400+30:1800+30"]

1. e4 c6 2. d4 d5 3. Nc3 dxe4 4. Nxe4 Bf5 5. Ng3 Bg6 6. h4 h6 7. Nf3 Nd7 8. h5 Bh7 9. Bd3 Bxd3 10. Qxd3 e6 11. Bf4 Qa5+ 12. Bd2 Bb4 13. c3 Be7 14. c4 Qc7 15. d5 Ne5 16. Qe2 Nxf3+ 17. Qxf3 cxd5 18. cxd5 Qe5+ 19. Kf1 Qxd5 20. Qxd5 exd5 21. Nf5 Bf8 22. Rh3 g6 23. Nd4 Bg7 24. Nb5 Kd7 25. Rc1 Rc8 26. Rxc8 Kxc8 27. Nd6+ Kd7 28. Nxf7 g5 29. Nxh8 Bxh8 30. b3 Ne7 31. f4 gxf4 32. Bxf4 Nf5 33. g4 1-0

[Event "Mitropa Cup Women 2019"]
[Site "Radenci"]
[Date "2019.06.03"]
[Round "8.7"]
[White "Sankova, Stella"]
[Black "Schloffer, Jasmin-Denise"]
[Result "0-1"]
[ECO "C54"]
[WhiteElo "2013"]
[BlackElo "2133"]
[Annotator "ChessBase"]
[PlyCount "56"]
[EventDate "2019.05.27"]
[EventType "team-tourn"]
[EventCountry "SLO"]
[SourceTitle "playchess.com"]
[Source "ChessBase"]
[SourceQuality "1"]
[WhiteTeam "Slovakia"]
[BlackTeam "Austria"]
[WhiteTeamCountry "SVK"]
[BlackTeamCountry "AUT"]
[TimeControl "40/5400+30:1800+30"]

1. e4 e5 2. Nf3 Nc6 3. Bc4 Bc5 4. c3 Nf6 5. d3 d6 6. Bb3 O-O 7. h3 h6 8. Nbd2 a5 9. Nf1 d5 10. Qe2 a4 11. Bc2 b6 12. Ng3 dxe4 13. Nxe4 Nxe4 14. Qxe4 Bb7 15. Qf5 Ne7 16. Qh5 Ng6 17. O-O Qf6 18. Be3 Bd6 19. Nd2 Qe6 20. Ne4 f5 21. Nxd6 cxd6 22. Rae1 f4 23. Bxb6 Rf5 24. Qd1 Rg5 25. f3 Qxh3 26. Rf2 Nh4 27. Qe2 Nxf3+ 28. Rxf3 Bxf3 0-1

[Event "Mitropa Cup Women 2019"]
[Site "Radenci"]
[Date "2019.06.03"]
[Round "8.8"]
[White "Froewis, Annika"]
[Black "Milcova, Zuzana"]
[Result "1/2-1/2"]
[ECO "D40"]
[WhiteElo "2089"]
[BlackElo "2093"]
[Annotator "NA"]
[PlyCount "72"]
[EventDate "2019.05.27"]
[EventType "team-tourn"]
[EventCountry "SLO"]
[SourceTitle "playchess.com"]
[Source "ChessBase"]
[SourceQuality "1"]
[WhiteTeam "Austria"]
[BlackTeam "Slovakia"]
[WhiteTeamCountry "AUT"]
[BlackTeamCountry "SVK"]
[TimeControl "40/5400+30:1800+30"]

1. e4 d5 2. exd5 Nf6 3. c4 c6 4. d4 cxd5 5. Nc3 e6 6. Nf3 Be7 7. Be2 O-O 8. O-O dxc4 9. Bxc4 Nc6 10. a3 a6 11. Ba2 b5 12. Qd3 {[%emt 0:12:54] D40: Queen's Gambit Declined: Semi-Tarrasch with 5 e3} (12. d5 exd5 13. Nxd5 Nxd5 14. Qxd5 Qxd5 15. Bxd5 Bb7 16. Bf4 Bf6 17. Rac1 Rac8 18. b4 Rfd8 19. Rcd1 h6 {½-½ (54) Salem,A (2625)-Arencibia Rodriguez,W (2506) Sharjah 2016}) 12... Bb7 13. Rd1 Rc8 14. Ng5 $146 ({Predecessor:} 14. Bg5 Na5 15. Ne5 Nd5 16. Bxd5 Bxg5 17. Bxb7 Nxb7 18. a4 b4 {0-1 (47) Glimbrant,T (2192)-Johansson,L (2423) Stockholm 2015}) 14... Bd6 15. d5 Ne5 16. Qh3 Rxc3 17. Qxc3 exd5 18. Bf4 Qb8 19. Bg3 h6 20. Nf3 Ne4 21. Qb3 Ng4 22. Bxd6 Qxd6 23. Qb4 Qxb4 24. axb4 Ngxf2 {[%emt 0:00:57] [#]} 25. Rd4 $1 Rd8 26. h3 g5 27. Re1 Kg7 28. Re2 g4 29. Nh4 gxh3 30. gxh3 Nxh3+ 31. Kh2 Nhg5 32. Rc2 Rd7 33. Kg1 Kf6 34. Kf1 Ke5 35. Rd3 Kf4 $17 (35... h5 $19 36. Ke2 Ne6 37. Nf3+ Kd6) 36. Ng2+ Ke5 1/2-1/2

[Event "Mitropa Cup Women 2019"]
[Site "Radenci"]
[Date "2019.06.03"]
[Round "8.10"]
[White "Janzelj, Lara"]
[Black "Nemcova, Karin"]
[Result "1-0"]
[ECO "E73"]
[WhiteElo "2203"]
[BlackElo "1947"]
[Annotator "ChessBase"]
[PlyCount "69"]
[EventDate "2019.05.27"]
[EventType "team-tourn"]
[EventCountry "SLO"]
[SourceTitle "playchess.com"]
[Source "ChessBase"]
[SourceQuality "1"]
[WhiteTeam "Slovenia"]
[BlackTeam "Czech Republic"]
[WhiteTeamCountry "SLO"]
[BlackTeamCountry "CZE"]
[TimeControl "40/5400+30:1800+30"]

1. d4 Nf6 2. c4 g6 3. Nc3 Bg7 4. e4 d6 5. Be2 O-O 6. Be3 e5 7. d5 a5 8. g4 Na6 9. h4 Nd7 10. h5 g5 11. Nf3 h6 12. Nh2 Ndc5 13. Nf1 Bd7 14. Ng3 a4 15. O-O Qe7 16. Nb5 Rfc8 17. Qd2 b6 18. f3 f6 19. Rfb1 Nb8 20. Qd1 Bxb5 21. cxb5 Nbd7 22. b4 axb3 23. axb3 Nf8 24. b4 Nb7 25. Ra6 Nd8 26. Qa4 Rab8 27. Rc1 Qd7 28. Ra7 Kh8 29. Qc2 Nb7 30. Nf5 Kg8 31. Qc6 Qxc6 32. bxc6 Nd8 33. Ne7+ Kh8 34. Nxc8 Rxc8 35. Ba6 1-0

[Event "Mitropa Cup Women 2019"]
[Site "Radenci"]
[Date "2019.06.03"]
[Round "8.11"]
[White "Koubova, Anna Marie"]
[Black "Urh, Zala"]
[Result "1-0"]
[ECO "E05"]
[WhiteElo "1975"]
[BlackElo "2099"]
[Annotator "NA"]
[PlyCount "75"]
[EventDate "2019.05.27"]
[EventType "team-tourn"]
[EventCountry "SLO"]
[SourceTitle "playchess.com"]
[Source "ChessBase"]
[SourceQuality "1"]
[WhiteTeam "Czech Republic"]
[BlackTeam "Slovenia"]
[WhiteTeamCountry "CZE"]
[BlackTeamCountry "SLO"]
[TimeControl "40/5400+30:1800+30"]

1. d4 Nf6 2. c4 e6 3. Nf3 d5 4. g3 Be7 5. Bg2 O-O 6. O-O dxc4 7. Ne5 Nc6 8. Nxc6 bxc6 9. Na3 Rb8 {[%emt 0:06:09] E05: Open Catalan: 5 Nf3 Be7} (9... Bxa3 10. bxa3 Ba6 11. Qa4 Bb5 12. Qc2 Qxd4 13. Bb2 Qc5 14. Rfd1 Rfd8 15. a4 Ba6 16. Qc3 h6 17. Ba3 Qf5 18. Bxc6 Rab8 {½-½ (40) Nakamura,H (2777)-So,W (2780) chess.com INT 2018}) 10. Nxc4 Bb7 $146 ({Predecessor:} 10... Rb4 11. b3 Bd7 12. Qc2 c5 13. dxc5 Bxc5 14. Rd1 Qe7 15. Bb2 Rd8 16. Ne5 Bd6 17. Rac1 {1-0 (42) Blomqvist,E (2545)-Bracker,F (2427) Fornebu 2016}) 11. Na5 Nd5 12. Qc2 Qd7 13. a3 h5 14. b4 h4 15. Bb2 hxg3 16. hxg3 Ba8 17. Nc4 Qe8 18. Rac1 Rb5 19. Rfd1 Bg5 20. e3 Rb8 21. Re1 Rb5 22. Ne5 Rb6 23. Qa4 f6 24. Nf3 a6 25. Rc5 Bh6 26. e4 Ne7 27. Bh3 f5 28. Qb3 f4 $18 29. Bxe6+ Kh8 30. Ne5 fxg3 31. fxg3 Rf6 32. Ng4 Rf8 33. Nxh6 gxh6 34. d5+ Kh7 35. Qc3 Qg6 36. Bf5 Nxf5 37. exf5 Qg5 38. Re6 1-0

[Event "Mitropa Cup Women 2019"]
[Site "Radenci"]
[Date "2019.06.03"]
[Round "8.12"]
[White "Hercog, Nusa"]
[Black "Pribylova, Sofie"]
[Result "1-0"]
[ECO "D93"]
[WhiteElo "2062"]
[BlackElo "2069"]
[Annotator "NA"]
[PlyCount "87"]
[EventDate "2019.05.27"]
[EventType "team-tourn"]
[EventCountry "SLO"]
[SourceTitle "playchess.com"]
[Source "ChessBase"]
[SourceQuality "1"]
[WhiteTeam "Slovenia"]
[BlackTeam "Czech Republic"]
[WhiteTeamCountry "SLO"]
[BlackTeamCountry "CZE"]
[TimeControl "40/5400+30:1800+30"]

1. d4 Nf6 2. c4 g6 3. Nc3 d5 4. Bf4 Bg7 5. e3 O-O 6. Rc1 c6 7. Nf3 b6 8. Bd3 Bb7 9. O-O {[%emt 0:02:19] D93: Grünfeld: 4 Nf3 Bg7 5 Bf4 0-0 6 e3} dxc4 10. Bxc4 Nbd7 11. Qb3 $146 ({Predecessor:} 11. h3 b5 12. Be2 Qb6 13. Qc2 a6 14. Rfd1 Nh5 15. Ne5 Nxe5 16. Bxe5 {1-0 (49) Buttell,D (1758)-Runarsson,G (1937) Porto Carras 2018}) 11... e6 12. Bd6 Re8 13. Rfd1 Nd5 14. e4 Nxc3 15. bxc3 Bh6 16. Ra1 Qc8 17. e5 c5 18. Be2 cxd4 19. cxd4 Bd5 20. Qa3 Nb8 21. h3 Nc6 22. Nh2 Qd8 23. Ng4 Bg5 24. Ne3 f5 25. Nxd5 exd5 26. Bb5 Rc8 27. Ba6 Na5 28. Bxc8 Qxc8 29. Bb4 Nc4 $18 30. Qg3 Qd8 31. f4 Bh4 32. Qf3 a5 33. Ba3 Qd7 34. g3 Bd8 35. Rac1 Qa4 36. Qxd5+ Kg7 37. Qxc4 Qxa3 38. Qb3 Qe7 39. d5 g5 40. d6 Qd7 41. Qc3 Kh6 42. Qc6 Qf7 43. d7+ Re6 44. Qxe6+ 1-0

[Event "Mitropa Cup Women 2019"]
[Site "Radenci"]
[Date "2019.06.03"]
[Round "8.14"]
[White "Afraoui, Anaelle"]
[Black "Cvitan, Ena"]
[Result "0-1"]
[ECO "B11"]
[WhiteElo "2068"]
[BlackElo "2132"]
[Annotator "RC"]
[PlyCount "126"]
[EventDate "2019.05.27"]
[EventType "team-tourn"]
[EventCountry "SLO"]
[SourceTitle "playchess.com"]
[Source "ChessBase"]
[SourceQuality "1"]
[WhiteTeam "France"]
[BlackTeam "Croatia"]
[WhiteTeamCountry "FRA"]
[BlackTeamCountry "CRO"]
[TimeControl "40/5400+30:1800+30"]

1. e4 c6 2. Nc3 d5 3. Nf3 dxe4 4. Nxe4 Nf6 5. Qe2 Nxe4 6. Qxe4 Qa5 7. Bc4 Bf5 8. Qf4 e6 9. O-O Bxc2 10. Nd4 Bg6 11. Re1 Be7 12. Bxe6 O-O 13. Bb3 Bf6 14. Nf3 c5 15. Bd5 Qb6 16. Nh4 Nc6 17. Nxg6 hxg6 18. d3 Nb4 19. Qc4 Rad8 20. Be4 Rd4 21. Qb3 Nxd3 22. Bxd3 Qxb3 23. axb3 Rxd3 24. b4 cxb4 25. Rxa7 b6 26. g3 Rc8 27. Kg2 g5 28. Rb7 Rd6 29. Be3 Bxb2 30. Bxb6 Bc3 31. Ree7 b3 32. Be3 Bf6 33. Re4 b2 34. Reb4 Rd1 35. h3 Ra8 36. Kf3 Raa1 37. Rxb2 Bxb2 38. Rxb2 f6 39. Rb7 Rh1 40. Kg4 Ra4+ 41. Kf3 Rxh3 42. Rd7 Rh1 43. Kg2 Rb1 44. Kf3 g4+ 45. Ke2 Ra2+ 46. Rd2 Rxd2+ 47. Bxd2 Rb3 48. Be3 Kf7 49. Ba7 Rf3 50. Be3 g5 51. Bd2 Kg6 52. Kf1 f5 53. Ba5 f4 54. Kg2 Kf5 55. Be1 Rb3 56. Bd2 Ke4 57. gxf4 gxf4 58. Ba5 Rb2 59. Bc3 Rc2 60. Ba5 Ra2 61. Bb6 g3 62. Bc5 gxf2 63. Bxf2 Rb2 0-1

[Event "Mitropa Cup Women 2019"]
[Site "Radenci"]
[Date "2019.06.03"]
[Round "8.15"]
[White "Blazeka, Mihaela"]
[Black "Choisy, Mathilde"]
[Result "1/2-1/2"]
[ECO "B07"]
[WhiteElo "2118"]
[BlackElo "2113"]
[Annotator "RC"]
[PlyCount "81"]
[EventDate "2019.05.27"]
[EventType "team-tourn"]
[EventCountry "SLO"]
[SourceTitle "playchess.com"]
[Source "ChessBase"]
[SourceQuality "1"]
[WhiteTeam "Croatia"]
[BlackTeam "France"]
[WhiteTeamCountry "CRO"]
[BlackTeamCountry "FRA"]
[TimeControl "40/5400+30:1800+30"]

1. e4 d6 2. d4 Nf6 3. Nc3 g6 4. Bc4 Bg7 5. a4 O-O 6. Bb3 Nc6 7. Nge2 e5 8. dxe5 dxe5 9. Bg5 Qxd1+ 10. Rxd1 h6 11. Bh4 a6 12. f3 Re8 13. O-O Nb4 14. Rd2 Nd7 15. Rfd1 Nc5 16. Rd8 Be6 17. Bxe6 Nxe6 18. R8d2 Bf8 19. Nd5 Nxd5 20. Rxd5 Bg7 21. b4 Bf8 22. Be1 Rad8 23. Bc3 f6 24. g3 Kf7 25. Kf2 h5 26. h4 Bd6 27. Be1 Bf8 28. c4 c6 29. Rxd8 Rxd8 30. Rxd8 Nxd8 31. Nc1 b5 32. axb5 axb5 33. c5 Ke6 34. Nd3 Bh6 35. Bc3 Nf7 36. f4 Bg7 37. Kf3 Nh6 38. Nf2 Nf7 39. Nd3 Nh6 40. Nf2 Nf7 41. Nd3 1/2-1/2